 Dungeon Crawl Stone Soup version 0.22-a0-142-g91cc6d7 (webtiles) character file.

45 KristoblXynda the Slasher (level 3, 0/29 HPs)
             Began as a Draconian Gladiator on Feb 5, 2018.
             Succumbed to an adder's poison
             ... on level 2 of the Dungeon.
             The game lasted 00:01:45 (1363 turns).

KristoblXynda the Slasher (Draconian Gladiator)     Turns: 1363, Time: 00:01:46

Health: 0/29       AC:  5    Str: 19    XL:     3   Next: 42%
Magic:  3/3        EV: 13    Int:  9    God:
Gold:   51         SH:  0    Dex: 12    Spells: 2/2 levels left

rFire    . . .     SeeInvis .   a - +0 long sword
rCold    . . .     Gourm    .   (no shield)
rNeg     . . .     Faith    .   (armour unavailable)
rPois    .         Spirit   .   b - +0 hat
rElec    .         Reflect  .   (no cloak)
rCorr    .         Harm     .   (no gloves)
MR       .....                  (no boots)
Stlth    +.........             (no amulet)
HPRegen  0.09/turn              g - ring of wizardry
MPRegen  0.08/turn              f - +3 ring of strength

@: lethally poisoned (0 -> -8)
A: unfitting armour, cold-blooded, AC +5
a: no special abilities


You were on level 2 of the Dungeon.
You were not hungry.

You visited 1 branch of the dungeon, and saw 2 of its levels.

You collected 51 gold pieces.

Inventory:

Hand Weapons
 a - a +0 long sword (weapon)
Missiles
 c - 3 throwing nets (quivered)
Armour
 b - a +0 hat (worn)
Jewellery
 f - a +3 ring of strength (right hand)
 g - a ring of wizardry (left hand)
 h - an uncursed amulet of magic regeneration {unknown}
Comestibles
 d - 3 rations


   Skills:
 - Level 2.1 Fighting
 * Level 4.0 Long Blades
 - Level 2.0 Throwing
 + Level 3.1 Dodging


You had 2 spell levels left.
You didn't know any spells.

Dungeon Overview and Level Annotations

Branches:
Dungeon (2/15)

Altars:
Zin


Innate Abilities, Weirdness & Mutations

Your plain brown scales are hard. (AC +5)
You cannot fit into any form of body armour.
You are cold-blooded and may be slowed by cold attacks.


Message History

* * * LOW HITPOINT WARNING * * *
You are lethally poisoned!
The adder poisons you! The adder bites you but does no damage.
You barely miss the adder.
The adder is severely wounded.
* * * LOW HITPOINT WARNING * * *
You feel sick. The adder bites you but does no damage.
You aren't carrying any potions.
Unknown command.
As you read the scroll labeled MUSAJOQ QAROBO, it crumbles to dust.
You feel blessed for a moment.
It was a scroll of remove curse.
* * * LOW HITPOINT WARNING * * *
You feel sick. The adder barely misses you. The adder closely misses you.
You riposte.
You closely miss the adder.
You kill the adder!
Your Long Blades skill increases to level 4!
As you read the scroll labeled WUGONLADIV, it crumbles to dust.
It is a scroll of amnesia.
You feel forgetful for a moment.
You die...

##############.# #<# #.#
#.# #.# #.# #.# #####.#
#.# ######
......########.####...####
...†..............#..##$$#
.....#########.#..'._#$$$#
(....# #.#@##..##$$#
##############.#g##...####
...............#.#######
###.......######g### #....
#. ..........#
#gK.######...# #.
###.......# #g......##...#
#. .....#'####
#.......##...# #. .......#
#.#'######...# #. .###.###
#.#.# #...# #.


You could see 4 gnolls and a kobold.

Vanquished Creatures
  An adder (D:2)
  An ooze (D:1)
  A worm (D:2)
  A ball python (D:1)
  5 bats
  2 giant cockroaches (D:1)
  A goblin (D:1)
  A hobgoblin (D:1)
  4 jackals (D:1)
  6 frilled lizards
  2 kobolds (D:1)
  5 rats
30 creatures vanquished.

Notes
Turn   | Place    | Note
-------+----------+-------------------------------------------
     0 | D:1      | KristoblXynda the Draconian Gladiator began the quest for the Orb.
     0 | D:1      | Reached XP level 1. HP: 17/17 MP: 1/1
   163 | D:1      | Reached XP level 2. HP: 20/24 MP: 2/2
   996 | D:2      | Reached XP level 3. HP: 29/29 MP: 3/3
  1047 | D:2      | Found a glowing silver altar of Zin.
  1362 | D:2      | HP: 1/29 [poisoned by an adder]
  1362 | D:2      | Reached skill level 4 in Long Blades
  1363 | D:2      | Succumbed to an adder's poison

Vault maps used:
D:1:      roderic_dead_forest
D:2:      bloody_makhleb, zin_treasury, gammafunk_temple_overflow_arena

Skill      XL: |  1  2  3 |
---------------+----------+-----
Throwing       | 2 |  2.0
Dodging        | 3 |  3.1
Long Blades    | 4 |  4.0
Fighting       | |  2.1

Action                   || total
-------------------------++-------
Melee: Long sword        ||    59
       Tailslap          ||    10
  Use: Scroll            ||     2
 Stab: Sleeping          ||     2
  Eat: Chunk             ||     1
Armor: Skin              ||    25
Dodge: Dodged            ||    71
       Rpst.: Long sword ||    20

Table legend:
 A = Spawn XP
 B = Non-spawn XP
 C = Spawn XP percentage of total XP
 D = Spawn monster count
 E = Non-spawn monster count
 F = Spawn count percentage of total count
 G = Total turns spent on level
                    A         B        C        D         E        F      G
               +---------+---------+-------+---------+---------+-------+---------
         Total |       0 |      65 |   0.0 |       0 |      30 |   0.0 |  1363
               +---------+---------+-------+---------+---------+-------+---------
           D:1 |       0 |      40 |   0.0 |       0 |      23 |   0.0 |   991
           D:2 |       0 |      25 |   0.0 |       0 |       7 |   0.0 |   372
               +---------+---------+-------+---------+---------+-------+---------
